 Dungeon Crawl Stone Soup version 0.29-a0-857-g9b1aa3ac5b (webtiles) character file.

Game seed: 13718079447994054426

84 zeratav the Stinger (level 4, -3/27 HPs)
             Began as an Octopode Venom Mage on July 16, 2022.
             Slain by Jessica
             ... wielding a +0 club
              (7 damage)
             ... on level 3 of the Dungeon.
             The game lasted 00:03:18 (2816 turns).

zeratav the Stinger (Octopode Venom Mage)           Turns: 2816, Time: 00:03:18

Health: -3/27      AC:  1    Str:  7    XL:     4   Next: 46%
Magic:  1/7        EV: 13    Int: 19    God:
Gold:   119        SH:  0    Dex: 12    Spells: 4/7 levels left

rFire   . . .      SeeInvis .   b - +0 whip {mace}
rCold   . . .      Faith    .   (no shield)
rNeg    . . .      Spirit   .   (helmet restricted)
rPois   .          Reflect  .   (no amulet)
rElec   .          Harm     .   f - ring of resist corrosion
rCorr   +          Rampage  .   (no ring)
Will    .....                   (no ring)
Stlth   ++++......              (no ring)
HPRegen 0.09/turn               (no ring)
MPRegen 0.10/turn               (no ring)
                                (no ring)
                                (no ring)

@: no status effects
A: almost no armour, amphibious, 8 rings, camouflage 1, gelatinous body 1,
(nimble swimmer 1), tentacles
a: no special abilities


You were on level 3 of the Dungeon.
You visited 1 branch of the dungeon, and saw 3 of its levels.

You collected 119 gold pieces.


Innate Abilities, Weirdness & Mutations

You cannot wear most types of armour.
You are amphibious.
You can wear up to eight rings at the same time.
Your skin changes colour to match your surroundings (Stealth+).
Your rubbery body absorbs attacks. (AC +1, EV +1)
((You are camouflaged when in or above water. (Stealth+)))
You have tentacles for arms and can constrict up to eight enemies at once.


   Skills:
 - Level 2.0 Dodging
 + Level 4.9 Stealth
 - Level 2.0 Spellcasting
 - Level 1.0 Transmutations
 + Level 5.1 Poison Magic


You had 4 spell levels left.
You knew the following spells:

 Your Spells              Type           Power      Damage    Failure   Level
a - Sting                 Tmut/Pois      52%        1d5       4%          1
b - Poisonous Vapours     Pois/Air       22%        N/A       9%          2

Your spell library contained the following spells:

 Spells                   Type           Power      Damage    Failure   Level
 Magic Dart               Conj           4%         1d3       17%         1
 Olgreb's Toxic Radiance  Pois           21%        N/A       21%         4
 Searing Ray              Conj           2%         2d4       26%         2
 Mephitic Cloud           Conj/Pois/Air  8%         N/A       26%         3
 Fulminant Prism          Conj/Hex       0%         3d6       86%         4

Inventory:

Hand Weapons
 b - a +0 whip (weapon) {mace}
   (You took it off a kobold on level 1 of the Dungeon)
Jewellery
 f - a ring of resist corrosion (left tentacle)
   (You found it on level 2 of the Dungeon)
Scrolls
 e - 2 scrolls of identify {unknown}
 g - a scroll of poison {unknown}
 h - 3 scrolls of teleportation {unknown}
Potions
 a - a potion of magic
 c - a potion of curing {unknown}
 d - 2 potions of haste {unknown}
 i - a potion of flight {unknown}
 j - a potion of degeneration {unknown}

Dungeon Overview and Level Annotations

Branches:
Dungeon (3/15) Zot: 15181

Altars:

Annotations:
D:3 exclusion: ball python, Grinder, Jessica

### #.. #.# ### #.#
##.###########.####
#..@......§.....g.#
##@###########.##.#
##.###### #......
#.####.......#
#..##.#
>.......####.# #.@#
. #.#####.# #.#
#... #.# #.# #.##
#.# #.# #. #)# #.#
#. ..# #†# .##..#


You could see Jessica (fast, very poisoned).


Message History

The sting hits the jelly.
The jelly partially resists.
The jelly hits you.
You are splashed with acid.
You resist.
HP[-5] MP[-1]
You take 5 damage, and now have 11/21 hp.
MASSIVE DAMAGE!! (PAUSE)
You lost 1 mp, and now have 0/6 mp.
You are out of magic!
You hit the jelly.
You kill the jelly!
Your Poison Magic skill increases to level 5!
You have reached level 4!
HP[+3]
You now have 27 max hp (+6).
You regained 3 hp, and now have 14/27 hp.
A rat comes into view.
HP[+13] MP[+7]
Your hp is fully restored (27).
Your mp is fully restored (7).
The helpless rat fails to defend itself.
You hit the rat.
You kill the rat!
A ball python is nearby!
You see here a rat corpse.
Found a stone staircase leading down.
You now have 119 gold pieces (gained 10).
A bat comes into view.
The bat closely misses you.
The sting hits the bat.
The bat is poisoned.
The bat closely misses you.
MP[-1]
You lost 1 mp, and now have 6/7 mp.
The sting hits the bat but does no damage.
The bat looks even sicker.
The bat closely misses you.
MP[-1]
You lost 1 mp, and now have 5/7 mp.
The sting hits the bat but does no damage.
The bat looks even sicker.
The bat hits you but does no damage.
MP[-1]
You lost 1 mp, and now have 4/7 mp.
A bat is nearby!
You kill the bat!
No target in view!
A bat is nearby!
MP[+3]
Your mp is fully restored (7).
You miscast Sting.
You are very lightly contaminated with residual magic.
Nothing appears to happen.
The bat closely misses you.
MP[-1]
You lost 1 mp, and now have 6/7 mp.
The sting misses the bat.
The bat closely misses you.
MP[-1]
You lost 1 mp, and now have 5/7 mp.
The sting misses the bat.
The bat barely misses you.
MP[-1]
You lost 1 mp, and now have 4/7 mp.
The sting hits the bat.
The bat is poisoned.
You hear a shout!
The bat misses you.
MP[-1]
You lost 1 mp, and now have 3/7 mp.
The sting hits the bat.
The bat looks even sicker.
You kill the bat!
Jessica the Apprentice Sorceress comes into view.
She is wielding a +0 club.
MP[-1]
You lost 1 mp, and now have 2/7 mp.
Your magical contamination has completely faded away.
A goblin comes into view. It is wielding a +0 club.
MP[+1] Jessica casts a spell at you. Pain shoots through your body!
HP[-9]
You take 9 damage, and now have 18/27 hp.
MASSIVE DAMAGE!! (PAUSE) Jessica casts a spell.
Jessica seems to speed up.
Jessica gestures wildly while chanting.
Jessica blinks!
Jessica hits you with a +0 club.
HP[-2]
You take 2 damage, and now have 16/27 hp.
Casting: Sting (safe; 4% risk of failure)
Confirm with . or Enter, or press ? or * to list all spells.
Aiming: Sting (safe; 4% risk of failure)
Press: ? - help, Shift-Dir - straight line, f - Jessica
Aim: Jessica, wielding a +0 club and wearing a +0 robe (fast, 71% to hit)
The sting hits Jessica.
Jessica is poisoned.
Jessica points at you and mumbles some strange words.
Pain shoots through your body!
* * * LOW HITPOINT WARNING * * *
HP[-12] MP[-1]
You take 12 damage, and now have 4/27 hp.
MASSIVE DAMAGE!! (PAUSE)
You lost 1 mp, and now have 2/7 mp.
Casting: Sting (safe; 4% risk of failure)
Confirm with . or Enter, or press ? or * to list all spells.
Aiming: Sting (safe; 4% risk of failure)
Press: ? - help, Shift-Dir - straight line, f/p - Jessica
Aim: Jessica, wielding a +0 club and wearing a +0 robe (severely wounded, fast, poisoned, 71% to hit)
The sting hits Jessica.
Jessica looks even sicker.
Jessica hits you with a +0 club!
You die...

Skill      XL: |  1  2  3 |
---------------+----------+-----
Stealth        | 3 4 |  4.9
Poison Magic   | 4 5 |  5.1
Dodging        | |  2.0
Spellcasting   | |  2.0
Transmutations | |  1.0

Action                   |  1- 3 |  4- 6 || total
-------------------------+-------+-------++-------
Melee: Whip              |    29 |     1 ||    30
       Constrict         |     7 |       ||     7
       Tentacles         |     5 |       ||     5
       Punch             |     1 |       ||     1
 Cast: Sting             |    69 |     9 ||    78
 Stab: Sleeping          |     9 |     1 ||    10
Armor: Skin              |     3 |     1 ||     4
Dodge: Dodged            |    26 |     7 ||    33

Levels and vault maps discovered:
D:1:      dpeg_arrival_fog, layout_loops_ring, dreamdust_ecumenical_altar_grove
D:2:      layout_loops_ring
D:3:      layout_loops_ring, uniq_grinder, uniq_jessica, uniq_crazy_yiuf_cottage

Notes
Turn   | Place    | Note
-------+----------+-------------------------------------------
     0 | D:1      | zeratav the Octopode Venom Mage began the quest for the
                  | Orb.
     0 | D:1      | Reached XP level 1. HP: 11/11 MP: 3/3
     0 | D:1      | magus.rc [v1.9.6]
    36 | D:1      | Reached skill level 3 in Stealth
   137 | D:1      | Reached XP level 2. HP: 17/17 MP: 5/5
   141 | D:1      | Reached skill level 4 in Poison Magic
   312 | D:1      | Found a faded altar of an unknown god.
  1201 | D:2      | Reached XP level 3. HP: 21/21 MP: 2/6
  1308 | D:2      | Reached skill level 4 in Stealth
  1449 | D:2      | Identified the +1 robe of the Slimy God {Rampage rC- Int+7}
  1697 | D:2      | You pick up a book of Conjurations {@e2} and begin
                  | reading...
  1697 | D:2      | You add the spells Magic Dart, Searing Ray and Fulminant
                  | Prism to your library.
  1727 | D:2      | Learned a level 2 spell: Poisonous Vapours
  2345 | D:3      | Noticed Grinder
  2588 | D:3      | Reached skill level 5 in Poison Magic
  2588 | D:3      | Reached XP level 4. HP: 14/27 MP: 0/7
  2802 | D:3      | Noticed Jessica
  2815 | D:3      | HP: 4/27 [Jessica/nerve-wracking pain (12)]
  2816 | D:3      | Slain by Jessica

Vanquished Creatures
  A jelly (D:3)
  2 worms (D:2)
  8 bats
  7 endoplasms
  A giant cockroach (D:1)
  3 goblins
  2 hobgoblins (D:2)
  4 quokkas
  6 ball pythons
  2 frilled lizards
  3 kobolds
  8 rats
47 creatures vanquished.

Table legend:
 A = Non-vault XP
 B = Vault XP
 C = Vault XP percentage of total XP
 D = Non-vault monster count
 E = Vault monster count
 F = Vault count percentage of total count
                 A         B        C        D         E       F
            +---------+---------+-------+---------+---------+-------
      Total |     121 |       0 |   0.0 |      47 |       0 |   0.0
            +---------+---------+-------+---------+---------+-------
        D:1 |      32 |       0 |   0.0 |      21 |       0 |   0.0
        D:2 |      35 |       0 |   0.0 |      18 |       0 |   0.0
        D:3 |      54 |       0 |   0.0 |       8 |       0 |   0.0
            +---------+---------+-------+---------+---------+-------

Illustrated notes

Table legend:
 A = Kills in this place as a percentage of kills in entire the game.
 B = Kills by you in this place as a percentage of kills by you in the entire game.
 C = Kills by friends in this place as a percentage of kills by friends in the entire game.
 D = Other kills in this place as a percentage of other kills in the entire game.
 E = Experience gained in this place as a percentage of experience gained in the entire game.
 F = Experience gained in this place divided by the number of levels of this place that you have seen.
                   A       B       C       D       E      F
               +-------+-------+-------+-------+-------+----------------------
         Total | 100.0 | 100.0 |   N/A |   N/A | 100.0 |  40.3
       Dungeon | 100.0 | 100.0 |   N/A |   N/A | 100.0 |  40.3
               +-------+-------+-------+-------+-------+----------------------

Table legend: (Time is in decaauts)
 A = Elapsed time spent in this place.
 B = Non-inter-level travel time spent in this place.
 C = Inter-level travel time spent in this place.
 D = Time resting spent in this place.
 E = Time spent auto-exploring this place.
 F = Levels seen in this place.
 G = Mean time per level.
                   A        B        C        D        E       F      G
               +--------+--------+--------+--------+--------+-----+--------+
         Total |   2817 |   2695 |    122 |    208 |   2145 |   3 |  939.0 |
       Dungeon |   2817 |   2695 |    122 |    208 |   2145 |   3 |  939.0 |
               +--------+--------+--------+--------+--------+-----+--------+

Top non-repeatable levels by time:
     D:1: 1194 daAuts
     D:2: 1190 daAuts
     D:3: 433 daAuts
